 Dungeon Crawl Stone Soup version 0.28.0-53-g5a82cb258f (webtiles) character file.

Game seed: 13725942571120126357

51 Sanktem7 the Sneak (level 3, 0/16 HPs)
             Began as a Spriggan Enchanter on June 2, 2022.
             Succumbed to a gnoll's poison
             ... on level 2 of the Dungeon.
             The game lasted 00:14:12 (2373 turns).

Sanktem7 the Sneak (Spriggan Enchanter)             Turns: 2373, Time: 00:14:12

Health: 0/16       AC:  2    Str:  4    XL:     3   Next: 58%
Magic:  4/8        EV: 18    Int: 18    God:
Gold:   111        SH:  0    Dex: 15    Spells: 5/7 levels left

rFire   . . .      SeeInvis +   k - +2 dagger (flame) {short}
rCold   . . .      Faith    .   (no shield)
rNeg    . . .      Spirit   .   b - +0 robe
rPois   .          Reflect  .   (helmet restricted)
rElec   .          Harm     .   (no cloak)
rCorr   .          Rampage  .   (gloves unavailable)
Will    .....                   (boots unavailable)
Stlth   +++.......              (no amulet)
HPRegen 0.05/turn               (no ring)
MPRegen 0.11/turn               (no ring)

@: lethally poisoned (0 -> -12), very slightly contaminated, very quick
A: very small, no large weapons, unfitting armour, see invisible, speed 3
a: no special abilities


You were on level 2 of the Dungeon.
You visited 1 branch of the dungeon, and saw 2 of its levels.

You collected 111 gold pieces.


Innate Abilities, Weirdness & Mutations

You are very small and have problems with some larger weapons.
You are too small for most types of armour.
You have supernaturally acute eyesight. (SInv)
You cover ground extremely quickly. (Speed+++)


   Skills:
 - Level 1.1 Short Blades
 + Level 3.4 Dodging
 * Level 5.8 Stealth
 + Level 2.9 Spellcasting
 + Level 4.1 Hexes


You had 5 spell levels left.
You knew the following spells:

 Your Spells              Type           Power      Damage    Failure   Level
a - Ensorcelled Hibernat  Hex/Ice        20%        N/A       11%         2

Your spell library contained the following spells:

 Spells                   Type           Power      Damage    Failure   Level
 Confusing Touch          Hex            17%        N/A       9%          3
 Tukima's Dance           Hex            17%        N/A       9%          3
 Dazzling Flash           Conj/Hex       20%        N/A       22%         3

Inventory:

Hand Weapons
 a - a +1 dagger {short}
 k - a +2 dagger of flaming (weapon) {short}
   (You took it off a goblin on level 2 of the Dungeon)
Missiles
 d - 34 stones (quivered) {throwing}
 i - 2 poisoned darts {throwing}
Armour
 b - a +0 robe (worn)
Magical Staves
 j - a staff of death {!astaff}
   (You found it on level 2 of the Dungeon)
Scrolls
 e - 2 scrolls of enchant weapon {unknown}
 f - a scroll of vulnerability {unknown}
 g - a scroll of blinking {unknown}
Potions
 c - a potion of invisibility
 h - a potion of berserk rage {unknown}

Dungeon Overview and Level Annotations

Branches:
Dungeon (2/15)

Altars:

Annotations:
D:2 Robin

.###########.....รท.
#.##...g)g...g.#####
#.##g########.##
#.##g# #..######
#.##.# #........
#.##.# #.#######
#[######.##.# #.#
#........##.# #.#
#######...@.# #.#
#.##### #.#
#)###########.#
#รทรท....>......#
###############


You could see Robin and a gnoll.


Message History

The goblin looks drowsy... ๐Ÿ˜ฎ MP[-2]
You lost 2 mp, and now have 5/8 mp.
The helpless goblin fails to defend itself.
You impale the goblin!!
You kill the goblin!
The goblin shoots a sling bullet.
The sling bullet closely misses you.
The goblin shoots a sling bullet.
The sling bullet completely misses you.
Robin roars a battlecry!
The goblins go into a battle-frenzy!
The goblin shoots a sling bullet.
The sling bullet completely misses you.
The goblin shoots a sling bullet.
The sling bullet misses you. ๐Ÿ˜ฎ MP[+1] ๐Ÿ˜ฎ HP[+1]
You start resting.
A goblin is nearby! ๐Ÿ˜ฎ MP[+1]
The goblin shoots a sling bullet.
The sling bullet hits you!
* * * LOW HITPOINT WARNING * * *
๐Ÿ˜ฑ HP[-7]
You take 7 damage, and now have 4/16 hp.
MASSIVE DAMAGE!! (PAUSE) ๐Ÿ˜ฑ MP[+1]
Your mp is fully restored (8).
Casting: Ensorcelled Hibernation (safe; 11% risk of failure)
Confirm with . or Enter, or press ? or * to list all spells.
Aiming: Ensorcelled Hibernation (safe; 11% risk of failure)
Press: ? - help, Shift-Dir - straight line, f - goblin
Aim: a goblin, wielding a +0 hunting sling and quivering sling bullets (chance to affect: 61%)
The goblin looks drowsy... ๐Ÿ˜ฑ MP[-2]
You lost 2 mp, and now have 6/8 mp.
The helpless goblin fails to defend itself.
You impale the goblin!!
You kill the goblin!
You start resting. ๐Ÿ˜จ HP[+1] MP[+2]
Your mp is fully restored (8).
You start resting. ๐Ÿ˜Ž HP[+11]
Your hp is fully restored (16).
There is a stone staircase leading down here.
k - a +2 dagger of flaming {short} You see here a goblin skeleton.
Your +2 dagger of flaming {short} bursts into flame!
k - a +2 dagger of flaming (weapon)
{short} You see here a goblin skeleton.
You see here a hobgoblin skeleton.
Things that are here:
a +0 dagger {short}; a goblin skeleton The gnoll shouts!
A gnoll comes into view. It is wielding a +0 spear of venom.
You see here a +0 dagger {short}.
Casting: Ensorcelled Hibernation (safe; 11% risk of failure)
Confirm with . or Enter, or press ? or * to list all spells.
Aiming: Ensorcelled Hibernation (safe; 11% risk of failure)
Press: ? - help, Shift-Dir - straight line, f - gnoll
Aim: a gnoll, wielding a +0 whip (chance to affect: 51%)
You miscast Ensorcelled Hibernation.
You are very lightly contaminated with residual magic.
Nothing appears to happen.
The gnoll closely misses you. ๐Ÿ˜Ž MP[-2]
You lost 2 mp, and now have 6/8 mp.
Casting: Ensorcelled Hibernation (safe; 11% risk of failure)
Confirm with . or Enter, or press ? or * to list all spells.
Aiming: Ensorcelled Hibernation (safe; 11% risk of failure)
Press: ? - help, Shift-Dir - straight line, f/p - gnoll
Aim: a gnoll, wielding a +0 whip (chance to affect: 51%)
The gnoll looks drowsy...
The gnoll hits you from afar with a +0 spear of venom.
You are poisoned. ๐Ÿ˜• HP[-2] MP[-2]
You take 2 damage, and now have 14/16 hp.
You lost 2 mp, and now have 4/8 mp.
The helpless gnoll fails to defend itself.
You impale the gnoll!! You burn the gnoll.
You kill the gnoll!
You feel very sick.
The gnoll hits you from afar with a +0 spear of venom.
You are lethally poisoned! ๐Ÿ˜ฎ HP[-4]
You take 4 damage, and now have 10/16 hp.
MASSIVE DAMAGE!! (PAUSE)
* * * LOW HITPOINT WARNING * * *
You feel very sick. ๐Ÿ˜จ HP[-3]
You take 3 damage, and now have 7/16 hp.
* * * LOW HITPOINT WARNING * * *
You feel sick. ๐Ÿ˜จ HP[-2]
You take 2 damage, and now have 5/16 hp.
* * * LOW HITPOINT WARNING * * *
You feel sick. ๐Ÿ˜ฑ HP[-2]
You take 2 damage, and now have 3/16 hp.
* * * LOW HITPOINT WARNING * * *
You feel sick. ๐Ÿ˜ฑ HP[-2]
You take 2 damage, and now have 1/16 hp.
You die...

Skill      XL: |  1  2 |
---------------+-------+-----
Dodging        | 3 |  3.4
Stealth        | 5 |  5.8
Hexes          | 4 |  4.1
Short Blades   | |  1.1
Spellcasting   | |  2.9

Action                   || total
-------------------------++-------
Melee: Dagger            ||    57
       Punch             ||     2
 Cast: Ensorcelled Hiber ||    27
 Stab: Sleeping          ||    22
Armor: Robe              ||     7
Dodge: Dodged            ||    62

Levels and vault maps discovered:
D:1:      dpeg_arrival_houses_and_road, layout_loops_ring,
          hangedman_decor_points
D:2:      layout_loops_ring, chequers_serial_rivers_small_a, uniq_robin

Notes
Turn   | Place    | Note
-------+----------+-------------------------------------------
     0 | D:1      | Sanktem7 the Spriggan Enchanter began the quest for the
                  | Orb.
     0 | D:1      | Reached XP level 1. HP: 9/9 MP: 5/5
     0 | D:1      | magus.rc [v1.9.6]
   211 | D:1      | magus.rc [v1.9.6]
   678 | D:1      | Reached skill level 3 in Dodging
   678 | D:1      | Reached skill level 5 in Stealth
   678 | D:1      | Reached XP level 2. HP: 13/13 MP: 6/6
   681 | D:1      | Learned a level 2 spell: Ensorcelled Hibernation
  1202 | D:1      | magus.rc [v1.9.6]
  1430 | D:2      | Reached skill level 4 in Hexes
  1511 | D:2      | Reached XP level 3. HP: 16/16 MP: 5/8
  2017 | D:2      | Noticed Robin
  2073 | D:2      | HP: 4/16 [goblin/sling bullet[Robin] (7)]
  2371 | D:2      | HP: 3/16 [poisoned by a gnoll]
  2372 | D:2      | HP: 1/16 [poisoned by a gnoll]
  2373 | D:2      | Succumbed to a gnoll's poison

Vanquished Creatures
  2 gnolls (D:2)
  2 dart slugs
  2 ball pythons
  2 endoplasms (D:2)
  5 goblins
  4 hobgoblins
  A quokka (D:2)
  4 bats
  2 frilled lizards (D:1)
  A kobold (D:1)
  3 rats
28 creatures vanquished.

Table legend:
 A = Non-vault XP
 B = Vault XP
 C = Vault XP percentage of total XP
 D = Non-vault monster count
 E = Vault monster count
 F = Vault count percentage of total count
                 A         B        C        D         E       F
            +---------+---------+-------+---------+---------+-------
      Total |      64 |      10 |  13.5 |      23 |       5 |  17.9
            +---------+---------+-------+---------+---------+-------
        D:1 |      18 |       0 |   0.0 |      11 |       0 |   0.0
        D:2 |      46 |      10 |  17.9 |      12 |       5 |  29.4
            +---------+---------+-------+---------+---------+-------

Illustrated notes

Table legend:
 A = Kills in this place as a percentage of kills in entire the game.
 B = Kills by you in this place as a percentage of kills by you in the entire game.
 C = Kills by friends in this place as a percentage of kills by friends in the entire game.
 D = Other kills in this place as a percentage of other kills in the entire game.
 E = Experience gained in this place as a percentage of experience gained in the entire game.
 F = Experience gained in this place divided by the number of levels of this place that you have seen.
                   A       B       C       D       E      F
               +-------+-------+-------+-------+-------+----------------------
         Total | 100.0 | 100.0 |   N/A |   N/A | 100.0 |  37.0
       Dungeon | 100.0 | 100.0 |   N/A |   N/A | 100.0 |  37.0
               +-------+-------+-------+-------+-------+----------------------

Table legend: (Time is in decaauts)
 A = Elapsed time spent in this place.
 B = Non-inter-level travel time spent in this place.
 C = Inter-level travel time spent in this place.
 D = Time resting spent in this place.
 E = Time spent auto-exploring this place.
 F = Levels seen in this place.
 G = Mean time per level.
                   A        B        C        D        E       F      G
               +--------+--------+--------+--------+--------+-----+--------+
         Total |   1881 |   1652 |    229 |   1023 |     39 |   2 |  940.5 |
       Dungeon |   1881 |   1652 |    229 |   1023 |     39 |   2 |  940.5 |
               +--------+--------+--------+--------+--------+-----+--------+

Top non-repeatable levels by time:
     D:1: 969 daAuts
     D:2: 912 daAuts
